 Dungeon Sprint DCSS version 0.21.1-1-g345015f (webtiles) character file.

1554 Fang the Cleaver (level 8, -25/84 (88) HPs)
             Began as a Minotaur Berserker on Apr 23, 2018.
             Was a High Priest of Trog.
             Shot with a bolt by a yaktaur captain (52 damage)
             ... in the Dungeon (Sprint II: "The Violet Keep of Menkaure").
             The game lasted 00:04:16 (1644 turns).

Fang the Cleaver (Minotaur Berserker)               Turns: 1644, Time: 00:04:17

HP:   -25/84 (88)   AC:  1    Str: 22 (23) XL:     8   Next: 57%
MP:   7/7           EV: 15    Int:  2      God:    Trog [*****.]
Gold: 59            SH:  0    Dex:  9 (11) Spells: 7/7 levels left

rFire    . . .     SeeInvis .   a - +0 hand axe
rCold    . . .     Gourm    .   (no shield)
rNeg     . . .     Faith    .   b - +0 animal skin
rPois    .         Spirit   .   (helmet restricted)
rElec    .         Reflect  .   (no cloak)
rCorr    .         Harm     .   (no gloves)
MR       .....     NoTele   +   (no boots)
Stlth    +.........             (no amulet)
HPRegen  0.24/turn              (no ring)
MPRegen  0.10/turn              (no ring)

@: starving, very slow
A: retaliatory headbutt, horns 2, deformed body, deterioration 1, dopey 1
a: Berserk, Trog's Hand, Brothers in Arms, Burn Spellbooks, Renounce Religion


You were in the Dungeon.
You worshipped Trog.
Trog was extremely pleased with you.
You were starving.

You visited 1 branch You collected 729 gold pieces.
You spent 670 gold pieces at shops.

Inventory:

Hand Weapons
 a - a +0 hand axe (weapon)
Armour
 b - a +0 animal skin (worn)
Scrolls
 i - 2 scrolls of blinking
Potions
 d - 4 potions of curing
 e - a potion of heal wounds
 f - a potion of haste
 g - 2 potions of magic
 h - a potion of berserk rage
Miscellaneous
 j - a sack of spiders
Comestibles
 c - 6 rations


   Skills:
 + Level 13.9 Fighting
 + Level 14.2 Axes
 + Level 7.6 Armour
 + Level 8.1 Dodging
 + Level 0.9 Stealth


You had 7 spell levels left.
You didn't know any spells.

Dungeon Overview and Level Annotations

Branches:
Dungeon (1/1)

Altars:

Shops:
D :[?!=*}=!(%*[(:!

Annotations:
D exclusions: oklob plant and orange crystal statue, Kirke, Roxanne


Innate Abilities, Weirdness & Mutations

You reflexively headbutt those who attack you in melee.
You have a pair of horns on your head.
Armour fits poorly on your strangely shaped body.
Your body sometimes deteriorates upon taking damage.
You are dopey. (Int -2)


Message History

There is an open door here.
You enter the shallow water.
Moving in this stuff is going to be slow.
You are starving!
Really walk into a travel-excluded area?
An elephant, a kobold demonologist, a centaur warrior, a yaktaur captain, a skeletal warrior and Kirke come into view.
The elephant trumpets!
Kirke shouts!
The kobold demonologist shouts!
The yaktaur captain shouts!
The yaktaur captain wields an arbalest.
The yaktaur captain shoots a bolt.
The bolt hits you!!
Your body deteriorates!
You feel weakened.
You hear a splash.
The kobold demonologist gestures wildly while chanting.
Found 81 gold pieces.
You see here a bolt.
The yaktaur captain shoots a bolt.
The bolt hits you!!!
You're too hungry.
The yaktaur captain shoots a bolt.
The bolt hits you!!!
Ouch! That really hurt!
You die...

### .§8§§§ #.cK#### ≈§≈≈§§
#Yz@..c##≈≈≈≈§§§
############(≈#§'§#§''#
###########≈@≈.≈≈.≈.§§≈
##....∩.∩.#≈≈≈≈.##'##..
##...∩.∩..#≈≈≈≈## ≈##≈####
##..∩.∩...#≈≈≈≈#.##≈.#....#
##.⌠.∩....#≈≈####.#.####..##
##..∩.∩...#≈##.###'###.##..#
##...∩.∩..#≈#.#.##.##...#..#
##....∩.∩.'≈'##.'.<.'##.'..##
##.....∩.∩#≈##..##.##...#....


You could see a yaktaur captain.

Vanquished Creatures
  2 hippogriffs (D)
  4 neqoxecs (D)
  A vampire mosquito (D)
  Menkaure (D)
  4 necrophages (D)
  A crocodile (D)
  3 worms (D)
16 creatures vanquished.

Vanquished Creatures (others)
  A crocodile (D)
1 creature vanquished.

Grand Total: 17 creatures vanquished

Notes
Turn   | Place    | Note
-------+----------+-------------------------------------------
     0 | D        | Fang the Minotaur Berserker began the quest for the Orb.
     0 | D        | Reached XP level 1. HP: 19/19 MP: 0/0
     1 | D        | Noticed a hippogriff
     1 | D        | Noticed a hippogriff
     5 | D        | Noticed a neqoxec
     5 | D        | Noticed a neqoxec
     5 | D        | Noticed a neqoxec
     5 | D        | Noticed a neqoxec
     6 | D        | Noticed a quasit
     8 | D        | Lost intelligence.
    10 | D        | Gained mutation: Your body sometimes deteriorates upon taking damage. [a neqoxec]
    13 | D        | Gained mutation: You are dopey. (Int -2) [a neqoxec]
    15 | D        | Killed a neqoxec
    15 | D        | Reached skill level 8 in Axes
    15 | D        | Reached XP level 2. HP: 15/35 MP: 1/1
    15 | D        | Reached XP level 3. HP: 17/40 MP: 2/2
    15 | D        | Reached XP level 4. HP: 20/48 MP: 3/3
    15 | D        | Reached XP level 5. HP: 22/53 MP: 4/4
    16 | D        | Killed a neqoxec
    16 | D        | Reached ** piety under Trog
    16 | D        | Reached skill level 10 in Axes
    16 | D        | Reached skill level 5 in Armour
    16 | D        | Reached skill level 5 in Dodging
    21 | D        | Killed a neqoxec
    21 | D        | Reached skill level 10 in Fighting
    21 | D        | Reached skill level 11 in Axes
    21 | D        | Reached XP level 6. HP: 4/67 MP: 5/5
    22 | D        | Gained mutation: Armour fits poorly on your strangely shaped body. [a neqoxec]
    25 | D        | Killed a neqoxec
    25 | D        | Reached XP level 7. HP: 5/74 MP: 6/6
   499 | D        | Noticed Menkaure
   505 | D        | Killed Menkaure
   505 | D        | Reached skill level 12 in Axes
   526 | D        | Reached *** piety under Trog
   541 | D        | Reached skill level 13 in Axes
   545 | D        | Reached **** piety under Trog
   572 | D        | Killed a hippogriff
   572 | D        | Reached XP level 8. HP: 29/82 MP: 7/7
  1076 | D        | Killed a hippogriff
  1076 | D        | Reached skill level 14 in Axes
  1221 | D        | Noticed an orange crystal statue
  1239 | D        | Noticed Roxanne
  1476 | D        | Found Deohuaro's Distillery.
  1477 | D        | Found Bohi's Book Boutique.
  1477 | D        | Found Duycash's Antique Weapon Shop.
  1477 | D        | Found Naugheva's Antique Armour Boutique.
  1478 | D        | Found Sukuh's Assorted Antiques.
  1478 | D        | Found Feycepoden's Assorted Antiques.
  1478 | D        | Found Joefeina's Distillery.
  1478 | D        | Found Nishrieki's Jewellery Shop.
  1478 | D        | Found Taet's Jewellery Shop.
  1478 | D        | Found Disaeti's Food Shop.
  1478 | D        | Found Naduw's Distillery.
  1478 | D        | Found Ceitegroh's Antique Weapon Shop.
  1478 | D        | Found Oveups's Gadget Boutique.
  1479 | D        | Found Eloleniu's Magic Scroll Shop.
  1479 | D        | Found Byachah's Antique Armour Boutique.
  1479 | D        | Noticed an iron elemental
  1480 | D        | Noticed an oklob plant
  1508 | D        | Reached ***** piety under Trog
  1573 | D        | Found Lacilec's Book Shoppe.
  1585 | D        | Bought a potion of curing for 30 gold pieces
  1585 | D        | Bought a potion of curing for 30 gold pieces
  1585 | D        | Bought a potion of curing for 30 gold pieces
  1586 | D        | Bought a sack of spiders for 280 gold pieces
  1600 | D        | Bought a ration for 60 gold pieces
  1600 | D        | Bought a ration for 60 gold pieces
  1600 | D        | Bought a ration for 60 gold pieces
  1600 | D        | Bought a ration for 60 gold pieces
  1600 | D        | Bought a ration for 60 gold pieces
  1641 | D        | Noticed an elephant
  1641 | D        | Noticed a centaur warrior
  1641 | D        | Noticed Kirke
  1641 | D        | Noticed a skeletal warrior
  1641 | D        | Noticed a kobold demonologist
  1641 | D        | Noticed a yaktaur captain
  1644 | D        | Shot with a bolt by a yaktaur captain

Skill      XL: |  1  2  3  4  5  6  7  8 |
---------------+-------------------------+-----
Fighting       | 8 10 11 13 | 13.9
Axes           | 8 11 13 14 | 14.2
Armour         | 4 5 6 7 |  7.6
Dodging        | 4 5 6 7 8 |  8.1
Stealth        | |  0.9

Action                   |  1- 3 |  4- 6 |  7- 9 || total
-------------------------+-------+-------+-------++-------
Melee: Hand axe          |     6 |    10 |    64 ||    80
       Headbutt          |     1 |     4 |    15 ||    20
Invok: Berserk           |     1 |       |       ||     1
  Eat: Chunk             |       |       |     1 ||     1
Armor: Animal skin       |     3 |       |     1 ||     4
Dodge: Dodged            |       |     4 |    40 ||    44
